 Dungeon Crawl Stone Soup version 0.22-b1-21-g5cfc1688f2 (webtiles) character file.

1581 Pisosu the Cleaver (level 8, 0/105 (106) HPs)
             Began as a Minotaur Berserker on Aug 6, 2018.
             Was an Elder of Trog.
             Slain by Harold
             ... wielding a +4 war axe of electrocution
              (10 damage)
             ... while paralysed by a hornet
             ... on level 7 of the Dungeon.
             The game lasted 00:15:09 (6108 turns).

Pisosu the Cleaver (Minotaur Berserker)             Turns: 6108, Time: 00:15:09

HP:   0/105 (106)   AC: 13    Str: 30    XL:     8   Next: 60%
MP:   7/7           EV:  2    Int:  4    God:    Trog [****..]
Gold: 271           SH:  0    Dex:  9    Spells: 7/7 levels left

rFire    . . .     SeeInvis .   u - +1 hand axe (venom)
rCold    . . .     Gourm    .   (no shield)
rNeg     . . .     Faith    .   s - +0 plate armour
rPois    .         Spirit   .   (helmet restricted)
rElec    .         Reflect  .   (no cloak)
rCorr    .         Harm     .   (no gloves)
MR       .....                  (no boots)
Stlth    ..........             (no amulet)
HPRegen  0.27/turn              (no ring)
MPRegen  0.10/turn              (no ring)

@: paralysed, berserking, lethally poisoned (0 -> -13), slowed
A: retaliatory headbutt, horns 2
a: Berserk, Trog's Hand, Brothers in Arms, Renounce Religion


You were on level 7 of the Dungeon.
You worshipped Trog.
Trog was greatly pleased with you.
You were near starving.

You visited 1 branch of the dungeon, and saw 7 of its levels.

You collected 271 gold pieces.

Inventory:

Hand Weapons
 u - a +1 hand axe of venom (weapon)
Missiles
 q - 10 tomahawks (quivered)
Armour
 s - a +0 plate armour (worn)
Wands
 b - a wand of polymorph (24)
Scrolls
 e - 6 scrolls of remove curse {unknown}
 i - 2 scrolls of fog {unknown}
 l - 3 scrolls of identify {unknown}
 n - 2 scrolls of enchant weapon {unknown}
 o - 2 scrolls of fear {unknown}
 p - 2 scrolls of immolation {unknown}
 t - a scroll of teleportation {unknown}
Potions
 d - a potion of haste {unknown}
 f - a potion of berserk rage {unknown}
 g - a potion of mutation {unknown}
 h - a potion of might {unknown}
 j - 2 potions of lignification {unknown}
 k - 3 potions of curing {unknown}
 r - a potion of agility {unknown}
Comestibles
 c - 6 rations


   Skills:
 + Level 6.9 Fighting
 + Level 9.2 Axes
 + Level 7.1 Armour
 - Level 3.9 Dodging
 - Level 0.7 Stealth
 - Level 1.1 Unarmed Combat


You had 7 spell levels left.
You didn't know any spells.
Your spell library was empty.

Dungeon Overview and Level Annotations

Branches:
Dungeon (7/15)             Temple (0/1) D:4

Altars:
Ashenzari
Dithmenos
Makhleb
Zin
The Shining One

Shops:
D:4 [

Annotations:
D:7 Harold


Innate Abilities, Weirdness & Mutations

You reflexively headbutt those who attack you in melee.
You have a pair of horns on your head.


Message History

You slash Harold!
Harold hits you with a war axe of electrocution!
You are electrocuted!
The hornet stings you.
* * * LOW HITPOINT WARNING * * *
You feel yourself slow down.
You closely miss the hornet.
The hornet is moderately wounded.
You hit Harold. The hornet stings you!
* * * LOW HITPOINT WARNING * * *
You are poisoned.
You suddenly lose the ability to move!
You feel sick. The hornet stings you.
* * * LOW HITPOINT WARNING * * *
You are more poisoned.
You feel as though you will be slow longer.
Harold yells, "I don't have all day!"
Harold hits you with a war axe of electrocution!
* * * LOW HITPOINT WARNING * * *
You are electrocuted!
You die...

.... #..# ...# ...
... .. ##### ..#
#.#### #...# .
...#..... #...# ...
#..>.. # #...#
.....#...##...#
##...# ......@@....#
###..:.#
..####.y..###
##......#
()......###..##...#
......###..##.###...#
...#...## #.....#
##.## .. ..#. ##.#..#
#.# . ......# #.#..#
##.# ..##.#...##....#
#..# #.......###.##


You could see Harold and a hornet.

Vanquished Creatures
  2 sky beasts (D:6)
  A necrophage (D:6)
  An ogre (D:5)
  2 centaurs
  A howler monkey (D:4)
  2 crimson imps
  A hound (D:6)
  A centaur zombie (D:6)
  2 bullfrog skeletons
  6 orc priests
  An iguana (D:6)
  6 orc wizards
  A gnoll shaman (D:6)
  Ijyb (D:3)
  6 worker ants
  7 gnolls
  5 adders
  A shadow imp (D:5)
  An ooze (D:2)
  An adder zombie (D:5)
  4 worms
  A dart slug (D:5)
  6 leopard geckos
  32 orcs
  2 ball pythons
  6 giant cockroaches
  3 goblins (D:2)
  6 hobgoblins
  2 quokkas
  5 bats
  5 frilled lizards
  7 kobolds
  A leopard gecko skeleton (D:6)
  6 rats
135 creatures vanquished.

Notes
Turn   | Place    | Note
-------+----------+-------------------------------------------
     0 | D:1      | Pisosu the Minotaur Berserker began the quest for the Orb.
     0 | D:1      | Reached XP level 1. HP: 19/19 MP: 0/0
   150 | D:1      | Reached XP level 2. HP: 27/27 MP: 1/1
   328 | D:1      | Reached skill level 4 in Axes
   719 | D:2      | Reached ** piety under Trog
   730 | D:2      | Found a shattered altar of Ashenzari.
   734 | D:2      | Found a burning altar of Makhleb.
   845 | D:2      | Reached XP level 3. HP: 33/33 MP: 2/2
  1337 | D:3      | Reached XP level 4. HP: 17/41 MP: 3/3
  1671 | D:3      | Noticed Ijyb
  2294 | D:3      | Killed Ijyb
  2294 | D:3      | Reached skill level 5 in Axes
  2305 | D:3      | Reached skill level 5 in Fighting
  2305 | D:3      | Reached XP level 5. HP: 38/48 MP: 4/4
  2907 | D:4      | Reached *** piety under Trog
  2913 | D:3      | Reached skill level 1 in Unarmed Combat
  2913 | D:3      | Reached XP level 6. HP: 16/56 MP: 5/5
  3213 | D:4      | Reached skill level 6 in Axes
  3267 | D:4      | Found a staircase to the Ecumenical Temple.
  3330 | D:4      | Found Eciy's Armour Emporium.
  3728 | D:5      | Entered Level 5 of the Dungeon
  3986 | D:5      | Reached XP level 7. HP: 58/62 MP: 6/6
  4239 | D:5      | Reached skill level 7 in Axes
  4323 | D:5      | Found a shadowy altar of Dithmenos.
  4323 | D:5      | Found a glowing silver altar of Zin.
  4731 | D:6      | Reached skill level 5 in Armour
  5075 | D:6      | Reached XP level 8. HP: 71/71 MP: 7/7
  5086 | D:6      | Reached skill level 8 in Axes
  5235 | D:6      | Reached **** piety under Trog
  5628 | D:6      | Found a glowing golden altar of the Shining One.
  5673 | D:6      | Reached skill level 9 in Axes
  6095 | D:7      | Noticed Harold
  6099 | D:7      | Noticed a hornet
  6107 | D:7      | Paralysed by a hornet for 2 turns
  6108 | D:7      | Slain by Harold

Skill      XL: |  1  2  3  4  5  6  7  8 |
---------------+-------------------------+-----
Fighting       | 4 5 6 |  6.9
Axes           | 4 5 6 7 9 |  9.2
Dodging        | 3 |  3.9
Armour         | 3 4 5 7 |  7.1
Unarmed Combat | 1 |  1.1
Stealth        | |  0.7

Action                   |  1- 3 |  4- 6 |  7- 9 || total
-------------------------+-------+-------+-------++-------
Melee: Hand axe          |    77 |   153 |   141 ||   371
       Headbutt          |    10 |    31 |    35 ||    76
       Unarmed           |       |    22 |       ||    22
       Punch             |       |     1 |       ||     1
Throw: Tomahawk          |       |     2 |    16 ||    18
Invok: Berserk           |       |       |     3 ||     3
  Eat: Chunk             |     1 |     9 |     5 ||    15
       Ration            |       |       |     1 ||     1
Armor: Animal skin       |    16 |     1 |       ||    17
       Chain mail        |       |    74 |       ||    74
       Skin              |       |     3 |       ||     3
       Plate armour      |       |    17 |    86 ||   103
Dodge: Dodged            |    43 |    81 |    30 ||   154
